 Dungeon Crawl Stone Soup version 0.21.1-1-g345015f (webtiles) character file.

154 shakethe the Distorting Ant (level 5, 0/42 HPs)
             Began as a Formicid Abyssal Knight on Feb 7, 2018.
             Was a Believer of Lugonu.
             Succumbed to a scorpion's poison
             ... on level 4 of the Dungeon.
             The game lasted 00:04:05 (2975 turns).

shakethe the Distorting Ant (FoAK)                  Turns: 2975, Time: 00:04:06

Health: 0/42       AC:  5    Str: 17    XL:     5   Next: 63%
Magic:  8/8        EV: 10    Int: 11    God:    Lugonu [**....]
Gold:   216        SH:  0    Dex: 11    Spells: 4/4 levels left

rFire    . . .     SeeInvis +   a - +1 hand axe
rCold    . . .     Gourm    .   (no shield)
rNeg     . . .     Faith    .   d - +0 ring mail
rPois    .         Spirit   .   (helmet unavailable)
rElec    .         Reflect  .   (no cloak)
rCorr    .         Harm     .   (no gloves)
MR       .....                  (no boots)
Stlth    +.........             (no amulet)
HPRegen  0.14/turn              (no ring)
MPRegen  0.11/turn              (no ring)

@: lethally poisoned (0 -> -7)
A: permanent stasis, dig shafts and tunnels, four strong arms, antennae 3
a: Dig, Shaft Self, Depart the Abyss, Bend Space, Renounce Religion


You were on level 4 of the Dungeon.
You worshipped Lugonu.
Lugonu was pleased with you.
You were near starving.

You visited 1 branch of the dungeon, and saw 4 of its levels.
You visited the Abyss 1 time.

You collected 216 gold pieces.

Inventory:

Hand Weapons
 a - a +1 hand axe (weapon)
 p - a +0 club
Missiles
 o - 2 tomahawks (quivered)
Armour
 b - a +0 leather armour
 d - a +0 ring mail (worn)
Jewellery
 j - an uncursed ring of wizardry {unknown}
Wands
 m - a wand of polymorph (27)
 s - a wand of enslavement (15)
Scrolls
 f - 6 scrolls of identify {unknown}
 i - a scroll of magic mapping {unknown}
 k - a scroll of immolation {unknown}
 n - a scroll of teleportation {unknown}
 q - a scroll of remove curse {unknown}
 r - a scroll of fog {unknown}
Potions
 e - 3 potions of curing {unknown}
 g - 2 potions of lignification {unknown}
 h - a potion of degeneration {unknown}
 l - a potion of ambrosia {unknown}
Comestibles
 c - 4 rations


   Skills:
 - Level 4.0 Fighting
 + Level 3.7 Axes
 - Level 2.4 Armour
 - Level 1.0 Dodging
 + Level 4.2 Invocations


You had 4 spell levels left.
You didn't know any spells.

Dungeon Overview and Level Annotations

Branches:
Dungeon (4/15)
 Temple: D:4-7

Altars:
Cheibriados
Elyvilon
Hepliaklqana
Makhleb
Qazlal
Sif Muna


Innate Abilities, Weirdness & Mutations

You cannot be hasted, slowed, berserked, paralysed or teleported.
You can dig through walls and to a lower floor.
Your four strong arms can wield two-handed weapons with a shield.
You have a pair of large antennae on your head. (SInv)


Message History

The scorpion is heavily wounded.
* * * LOW HITPOINT WARNING * * *
You feel sick. The scorpion closely misses you.
* * * LOW HITPOINT WARNING * * *
You feel sick.
* * * LOW HITPOINT WARNING * * *
You feel sick.
* * * LOW HITPOINT WARNING * * *
You feel sick.
* * * LOW HITPOINT WARNING * * *
You feel sick.
* * * LOW HITPOINT WARNING * * *
You feel sick.
* * * LOW HITPOINT WARNING * * *
You feel sick.
* * * LOW HITPOINT WARNING * * *
You feel sick.
* * * LOW HITPOINT WARNING * * *
You feel sick.
You die...

######### #.# #########
#.......# #.# #........
#.......# #.# #####.######.
#.......#######.# #.....# #.
#.............#l## #.###.#### #.
#.......##.......# #.#......# #(
#.......##.##..s.###.#.#.##.# #.
#........#.##..........#.##.###.
#.##.###.#.###.@.###.###........
#.##<# #.#.# ##.####.# #.##.####
#.#..###.#.####.'_##.###.##.###
#........#......####.....##...#
###.###########'## ##########.#
#.# ##...## #.# #.### ##....(##
### #.# #.#.## ##.......##
##.###.#
#....####.....>.^.####...##.##


You could see a scorpion and a leopard gecko.

Vanquished Creatures
  6 adders
  An ooze (D:3)
  A worm (D:3)
  2 dart slugs
  6 leopard geckos
  6 orcs (D:3)
  5 giant cockroaches
  8 goblins
  11 hobgoblins
  A quokka (D:3)
  A ball python (D:2)
  8 bats
  4 frilled lizards
  7 kobolds
  15 rats
82 creatures vanquished.

Notes
Turn   | Place    | Note
-------+----------+-------------------------------------------
     0 | Abyss:1  | shakethe the Formicid Abyssal Knight began the quest for the Orb.
     0 | Abyss:1  | Reached XP level 1. HP: 18/18 MP: 2/2
   133 | Abyss:1  | Noticed a freezing wraith
   149 | Abyss:1  | Noticed a small abomination
   157 | D:1      | Escaped the Abyss
   332 | D:1      | Reached XP level 2. HP: 25/25 MP: 3/3
   333 | D:1      | Reached * piety under Lugonu
   681 | D:2      | Reached skill level 1 in Dodging
   681 | D:2      | Reached XP level 3. HP: 17/30 MP: 4/4
  1052 | D:2      | Reached XP level 4. HP: 32/37 MP: 6/6
  1284 | D:2      | Found a white marble altar of Elyvilon.
  1535 | D:2      | Found a deep blue altar of Sif Muna.
  1872 | D:3      | Reached ** piety under Lugonu
  1896 | D:3      | Reached XP level 5. HP: 33/42 MP: 7/7
  2245 | D:3      | Found a snail-covered altar of Cheibriados.
  2361 | D:3      | Found a stormy altar of Qazlal.
  2404 | D:3      | Found a hazy altar of Hepliaklqana.
  2737 | D:4      | Found a burning altar of Makhleb.
  2973 | D:4      | HP: 2/42 [poisoned by a scorpion]
  2975 | D:4      | Succumbed to a scorpion's poison

Skill      XL: |  1  2  3  4  5 |
---------------+----------------+-----
Fighting       | 4 |  4.0
Dodging        | 1 |  1.0
Invocations    | 3 4 |  4.2
Axes           | 3 |  3.7
Armour         | |  2.4

Action                   |  1- 3 |  4- 6 || total
-------------------------+-------+-------++-------
Melee: Hand axe          |    87 |   202 ||   289
Invok: Depart the Abyss  |     1 |       ||     1
  Eat: Chunk             |       |     5 ||     5
Armor: Ring mail         |    48 |    71 ||   119
Dodge: Dodged            |    47 |   121 ||   168
